 Dungeon Crawl Stone Soup version 0.18.1-48-g4cf74bf (webtiles) character file.

180 BabyRage the Cutter (level 5, -8/45 HPs)
             Began as a Naga Hunter on July 21, 2016.
             Was an Initiate of Ru.
             Mangled by a gnoll
             ... wielding a +0 halberd
              (14 damage)
             ... on level 3 of the Dungeon.
             The game lasted 00:05:41 (3129 turns).

BabyRage the Cutter (Naga Hunter)                   Turns: 3129, Time: 00:05:42

Health: -8/45      AC:  4    Str: 15    XL:     5   Next: 60%
Magic:  5/5        EV: 12    Int: 11    God:    Ru [......]
Gold:   172        SH:  0    Dex: 17    Spells: 0 memorised, 4 levels left

rFire  . . .     SeeInvis +     m - +0 dagger (drain)
rCold  . . .     Gourm    .     i - +0 scale mail
rNeg   . . .     Faith    .     (no shield)
rPois  +         Spirit   .     (no helmet)
rElec  .         Dismiss  .     (no cloak)
rCorr  .         Reflect  .     (no gloves)
SustAt .         Harm     .     (no barding)
MR     .....                    o - amulet of inaccuracy (curse)
Stlth  ++........               (no ring)
                                (no ring)

@: agile, very slightly contaminated, hasted, quick, not resistant to hostile
enchantments, unstealthy
A: see invisible, deformed body, poison resistance, slowness 2, slow metabolism
1, spit poison 2, AC +1
a: Spit Poison, Renounce Religion


You were on level 3 of the Dungeon.
You worshipped Ru.
Ru was noncommittal.
You were hungry.

You visited 1 branch of the dungeon, and saw 3 of its levels.

You collected 172 gold pieces.

Inventory:

Hand Weapons
 a - a +0 short sword
 m - a +0 dagger of draining (weapon)
Missiles
 c - 5 javelins (quivered)
 g - 2 tomahawks
Armour
 i - a +0 scale mail (worn)
Jewellery
 o - a cursed amulet of inaccuracy (around neck)
Scrolls
 h - 4 scrolls of magic mapping
 j - a scroll of recharging
 l - a scroll of noise {unknown}
Potions
 b - a potion of haste
 k - a potion of lignification {unknown}
 p - a potion of berserk rage {unknown}
Comestibles
 f - 2 bread rations


   Skills:
 - Level 2.0 Fighting
 + Level 5.1 Short Blades
 - Level 3.6 Throwing
 - Level 1.5 Dodging
 - Level 1.5 Stealth


You had 4 spell levels left.
You didn't know any spells.

Dungeon Overview and Level Annotations

Branches:
Dungeon (3/15)

Altars:
Cheibriados
Fedhas
Ru


Innate Abilities, Weirdness & Mutations

You cannot wear boots.
Your serpentine skin is tough (AC +1).
You have supernaturally acute eyesight.
Armour fits poorly on your strangely shaped body.
Your system is resistant to poisons.
You cover ground very slowly.
You have a slow metabolism.
You can spit poison.


Message History

The throwing net closely misses the gnoll.
The throwing net closely misses the goblin.
The gnoll hits you from afar with a halberd.
The gnoll hits you with a halberd.
You see here a whip.
You hit the gnoll.
The gnoll is lightly wounded.
The gnoll hits you with a halberd.
You barely miss the gnoll.
The gnoll is lightly wounded.
The gnoll hits you with a halberd!!
* * * LOW HITPOINT WARNING * * *
Drink which item? (? for menu, Esc to quit)
It was a potion of haste.
You feel yourself speed up.
You are very lightly contaminated with residual magic.
Drink which item? (? for menu, Esc to quit)
It was a potion of agility.
You feel agile all of a sudden. The gnoll hits you with a halberd!
You die...

## #.g_..########..#.#
..g..#.........#.## ...
#.............
#g###........#..##
#.#..........#..#
#............#..#
###..........#..#
#############o.........##.#
#..........@gg...(..... .>.
#.###########.......... ##
#......... ...........
#..###### #######... #..#
.. #..# #..# #..# ######..#


You could see a gnoll, an orc and a goblin.

Vanquished Creatures
  An orc wizard (D:2)
  6 adders
  4 gnolls (D:3)
  2 worms (D:3)
  3 giant geckos
  2 orcs (D:3)
  4 ball pythons
  10 bats
  2 giant cockroaches
  6 goblins
  2 hobgoblins
  5 kobolds
  2 quokkas (D:2)
  2 giant newts
  5 rats
56 creatures vanquished.

Notes
Turn   | Place    | Note
--------------------------------------------------------------
     0 | D:1      | BabyRage the Naga Hunter began the quest for the Orb.
     0 | D:1      | Reached XP level 1. HP: 19/19 MP: 1/1
   247 | D:1      | Reached skill level 1 in Short Blades
   381 | D:1      | Reached XP level 2. HP: 18/26 MP: 2/2
   600 | D:1      | Reached skill level 2 in Short Blades
   910 | D:1      | Reached XP level 3. HP: 15/32 MP: 3/3
  1240 | D:2      | Reached skill level 3 in Short Blades
  1641 | D:2      | Reached XP level 4. HP: 39/39 MP: 4/4
  1719 | D:2      | Found a sacrificial altar of Ru.
  1746 | D:2      | Reached skill level 4 in Short Blades
  1760 | D:2      | Became a worshipper of Ru the Awakened
  2188 | D:2      | Found a blossoming altar of Fedhas.
  2336 | D:3      | Found a faded altar to an unknown god.
  2448 | D:3      | Reached XP level 5. HP: 44/45 MP: 5/5
  2553 | D:3      | Reached skill level 5 in Short Blades
  3112 | D:3      | Found a snail-covered altar of Cheibriados.
  3129 | D:3      | Mangled by a gnoll

Skill      XL: |  1  2  3  4  5 |
---------------+----------------+-----
Short Blades   | 1 2 3 4 5 |  5.1
Fighting       | |  2.0
Throwing       | |  3.6
Dodging        | |  1.5
Stealth        | |  1.5

Action                   |  1- 3 |  4- 6 || total
-------------------------+-------+-------++-------
Melee: Short sword       |    77 |    22 ||    99
       Dagger            |       |   153 ||   153
Throw: Javelin           |     4 |       ||     4
       Throwing net      |       |     3 ||     3
 Abil: Spit Poison       |     2 |     2 ||     4
  Use: Scroll            |     3 |     3 ||     6
       Potion            |       |     2 ||     2
 Stab: Sleeping          |     1 |       ||     1
       Paralysed         |       |     1 ||     1
       Held in net/web   |       |     1 ||     1
  Eat: Chunk             |     2 |     3 ||     5
Armor: Scale mail        |    44 |    80 ||   124
       Leather armour    |     1 |       ||     1
Dodge: Dodged            |    37 |    61 ||    98
